 Dungeon Crawl Stone Soup version 0.24.0-3-g28a8eb0610 (webtiles) character file.

Game seed: 5565151390680277328, levelgen mode: deterministic

134 Napalmbreeze the Ducker (level 4, -5/44 HPs)
             Began as a Deep Dwarf Monk on Nov 1, 2019.
             Splashed by Ijyb's acid (12 damage)
             ... on level 3 of the Dungeon.
             The game lasted 00:04:57 (1567 turns).

Napalmbreeze the Ducker (Deep Dwarf Monk)           Turns: 1567, Time: 00:04:58

Health: -5/44      AC:  1    Str: 15    XL:     4   Next: 95%
Magic:  3/3        EV: 13    Int: 11    God:
Gold:   65         SH:  0    Dex: 15    Spells: 3/3 levels left

rFire    . . .     SeeInvis .   a - +0 hand axe
rCold    . . .     Gourm    .   (no shield)
rNeg     . . .     Faith    .   l - +0 ring mail
rPois    .         Spirit   .   (no helmet)
rElec    .         Reflect  .   (no cloak)
rCorr    .         Harm     .   (no gloves)
MR       .....                  (no boots)
Stlth    +.........             (no amulet)
HPRegen  0.00/turn              (no ring)
MPRegen  0.08/turn              (no ring)

@: corroded, non-regenerating
A: damage resistance, heal wounds, sense surroundings 1, no regeneration
a: Heal Wounds


You were on level 3 of the Dungeon.
You were not hungry.

You visited 1 branch of the dungeon, and saw 3 of its levels.

You collected 65 gold pieces.

Inventory:

Hand Weapons
 a - a +0 hand axe (weapon)
Armour
 b - a +0 robe
 l - a +0 ring mail (worn)
Scrolls
 e - 5 scrolls of identify {unknown}
 h - 6 scrolls of remove curse {unknown}
 j - a scroll of enchant armour {unknown}
 k - a scroll of fog {unknown}
 n - a scroll of teleportation {unknown}
 o - a scroll of immolation {unknown}
Potions
 f - a potion of flight {unknown}
 g - 2 potions of heal wounds {unknown}
 i - a potion of resistance {unknown}
 m - a potion of magic {unknown}
Comestibles
 c - 10 rations
 d - 5 chunks of flesh


   Skills:
 * Level 4.0 Fighting
 + Level 4.1 Axes
 + Level 1.3 Armour
 + Level 4.1 Dodging
 - Level 2.4 Stealth


You had 3 spell levels left.
You didn't know any spells.
Your spell library was empty.

Dungeon Overview and Level Annotations

Branches:
Dungeon (3/15)

Altars:

Annotations:
D:3 Ijyb


Innate Abilities, Weirdness & Mutations

You are resistant to damage.
You can heal yourself by infusing magical energy.
You passively map a small area around you.
You do not regenerate.


Message History

No target in view!
No target in view!
You see here an adder corpse.
You butcher the adder corpse.
d - 8 chunks of flesh (gained 2)
You see here an adder skeleton.
Some of the chunks of flesh in your inventory have rotted away.
Things that are here:
a +0 short sword; a kobold corpse Ijyb the Twisted Goblin comes into view.
She is carrying a wand of acid (7).
Ijyb shouts!
Found 24 arrows.
You hit Ijyb but do no damage.
Ijyb zaps a wand.
The bolt of acid hits you! The acid corrodes you!
You are splashed with acid!
You fail to use your ability.
Ijyb hits you but does no damage.
You closely miss Ijyb.
Ijyb zaps a wand.
The bolt of acid misses you.
You fail to use your ability.
Ijyb zaps a wand.
The bolt of acid hits you!
* * * LOW HITPOINT WARNING * * *
You are splashed with acid!
You die...

#.)..######...#
#.######## ..##.#
#.#.# # ####.#
####.#.#### * # #.#
#)........##
###.###.###.#.#..##
*
#...##............#
*
#.####.##########.#
#.# #.#.....(g.#.#
, #.####.# #@#.# ,
#...##.# ,
#.#)#####.#
####.##.#, ,
,#.#.....^.#
........# **
,#.#.#######
####.##.#, #.#.# #
#.##.########.#.# #
#.##..........#.# #
#.##.##########.#
#.........)(...(#
**


You could see Ijyb.

Vanquished Creatures
  A worker ant (D:3)
  3 adders
  An ooze (D:2)
  6 dart slugs
  3 leopard geckos
  6 bats
  4 giant cockroaches
  6 goblins
  7 hobgoblins
  4 jackals (D:3)
  A quokka (D:3)
  A frilled lizard (D:1)
  10 kobolds
  11 rats
64 creatures vanquished.

Notes
Turn   | Place    | Note
-------+----------+-------------------------------------------
     0 | D:1      | Napalmbreeze the Deep Dwarf Monk began the quest for the
                  | Orb.
     0 | D:1      | Reached XP level 1. HP: 20/20 MP: 1/1
   142 | D:1      | Reached XP level 2. HP: 23/28 MP: 2/2
   343 | D:1      | Reached XP level 3. HP: 26/34 MP: 3/3
  1160 | D:2      | Reached XP level 4. HP: 27/43 MP: 4/4
  1273 | D:2      | Noticed a big kobold
  1273 | D:2      | Noticed an orc warrior
  1356 | D:3      | Reached skill level 1 in Armour
  1563 | D:3      | Noticed Ijyb
  1567 | D:3      | Splashed by Ijyb's acid

Levels and vault maps discovered:
D:1:      onia_arrival_mini_spirals, layout_loops_ring, minmay_tetromino_i4
D:2:      layout_basic, first_ration, minivault_4, minmay_divided_ellipse
D:3:      layout_loops_ring, minivault_5, uniq_ijyb, uniq_natasha

Skill      XL: |  1  2  3  4 |
---------------+-------------+-----
Fighting       | 3 4 |  4.0
Armour         | 1 |  1.3
Dodging        | 4 |  4.1
Axes           | 4 |  4.1
Stealth        | |  2.4

Action                   |  1- 3 |  4- 6 || total
-------------------------+-------+-------++-------
Melee: Hand axe          |   133 |    68 ||   201
 Abil: Heal Wounds       |       |     1 ||     1
 Stab: Sleeping          |     9 |       ||     9
  Eat: Chunk             |     1 |     1 ||     2
Armor: Robe              |    20 |       ||    20
       Ring mail         |    11 |    24 ||    35
Dodge: Dodged            |    77 |    59 ||   136
